 Dungeon Crawl Stone Soup version 0.24-a0-545-gd1b266bae6 (webtiles) character file.

Game seed: 4532539229101349833

14665 CherryEater the Geomancer (level 12, -2/68 HPs)
             Began as a Gargoyle Earth Elementalist on Aug 18, 2019.
             Was a High Priest of Vehumet.
             Killed from afar by an efreet (25 damage)
             ... with a fireball
             ... on level 13 of the Dungeon.
             The game lasted 00:30:43 (10842 turns).

CherryEater the Geomancer (GrEE)                   Turns: 10842, Time: 00:30:44

Health: -2/68      AC: 15    Str: 12    XL:     12   Next: 18%
Magic:  29/31      EV: 13    Int: 24    God:    Vehumet [*****.]
Gold:   5229       SH:  0    Dex: 12    Spells: 17/29 levels left

rFire    . . .     SeeInvis .   y - +6 flail (protect)
rCold    + . .     Gourm    .   (no shield)
rNeg     + . .     Faith    .   c - +0 robe
rPois    ∞         Spirit   .   r - +1 helmet
rElec    +         Reflect  .   f - +1 cloak
rCorr    .         Harm     .   (no gloves)
MR       .....                  (no boots)
Stlth    ++........             g - amulet of regeneration
HPRegen  0.61/turn              j - ring of magical power
MPRegen  0.22/turn              t - +3 ring of intelligence

@: no status effects
A: hooves 1, agile 1, cold resistance 1, low mp 1, negative energy resistance 1,
screaming 1, electricity resistance, unbreathing, petrification resistance, rot
immunity, MP-powered wands, AC +8
a: Renounce Religion


You were on level 13 of the Dungeon.
You worshipped Vehumet.
Vehumet was extremely pleased with you.
You were not hungry.

You visited 2 branches of the dungeon, and saw 14 of its levels.

You collected 5445 gold pieces.
You spent 216 gold pieces at shops.

Inventory:

Hand Weapons
 o - the +2 short sword of Pestilence {pierce, MP+9 Str+3}
   (You found it on level 9 of the Dungeon)

   It inflicts extra damage upon your enemies.
   It affects your strength (+3).
   It affects your magic capacity (+9).
 u - the +8 long sword "Zavviar" {slice, Int+4 Dex+3}
   (You found it on level 4 of the Dungeon)

   It inflicts extra damage upon your enemies.
   It affects your intelligence (+4).
   It affects your dexterity (+3).
 y - a +6 flail of protection (weapon)
Missiles
 b - 229 stones (quivered)
 E - a throwing net
Armour
 c - a +0 robe (worn)
 f - a +1 cloak (worn)
 r - a +1 helmet (worn)
Jewellery
 g - an amulet of regeneration (around neck)
 j - a ring of magical power (left hand)
 t - a +3 ring of intelligence (right hand)
 x - an uncursed amulet of the gourmand
 J - an uncursed amulet of rage
Wands
 a - a wand of random effects (9)
 q - a wand of iceblast (5)
 w - a wand of acid (1)
 B - a wand of paralysis (16)
 C - a wand of disintegration (9)
Scrolls
 i - 2 scrolls of magic mapping
 m - 3 scrolls of immolation
 n - 6 scrolls of teleportation
 p - 4 scrolls of remove curse
 v - a scroll of fog
 H - a scroll of amnesia
Potions
 e - 2 potions of brilliance
 h - 2 potions of resistance
 k - 6 potions of haste
 l - 5 potions of curing
 s - a potion of heal wounds
 z - 2 potions of agility
 A - 2 potions of lignification
 D - a potion of ambrosia
 F - 2 potions of might
 G - 5 potions of flight
Miscellaneous
 K - a phial of floods (inert)
Comestibles
 d - 22 rations
 I - 11 chunks of flesh


   Skills:
 + Level 4.8 Fighting
 + Level 4.3 Maces & Flails
 + Level 5.0 Armour
 + Level 4.0 Dodging
 - Level 2.1 Stealth
 + Level 9.2 Spellcasting
 + Level 10.1 Conjurations
   Level 0.7 Transmutations
 + Level 11.9 Earth Magic
 + Level 3.9 Evocations


You had 17 spell levels left.
You knew the following spells:

 Your Spells              Type           Power        Failure   Level  Hunger
a - Sandblast             Erth           ######       1%          1    None
b - Stone Arrow           Conj/Erth      ######       1%          3    None
c - Lee's Rapid Deconstr  Erth           ######....   1%          5    ####...
d - Mephitic Cloud        Conj/Pois/Air  ####....     1%          3    None

Your spell library contained the following spells:

 Spells                   Type           Power        Failure   Level  Hunger
 Iron Shot                Conj/Erth      ######....   2%          6    ######.
 Passwall                 Tmut/Erth      #####...     1%          2    None
 Inner Flame              Hex/Fire       ##......     4%          3    None
 Leda's Liquefaction      Hex/Erth       #####.....   4%          4    ##.....
 Petrify                  Tmut/Erth      #####...     4%          4    ##.....
 Animate Skeleton         Necr           N/A          6%          1    None
 Corona                   Hex            ##.....      6%          1    None
 Pain                     Necr           ##..         6%          1    None
 Slow                     Hex            ##......     9%          2    None
 Portal Projectile        Hex/Tloc       ##....       17%         3    None
 Regeneration             Chrm/Necr      ##........   17%         3    None
 Vampiric Draining        Necr           ##........   17%         3    None
 Animate Dead             Necr           N/A          50%         4    ##.....
 Cause Fear               Hex            ##........   50%         4    ##.....


Dungeon Overview and Level Annotations

Branches:
Dungeon (13/15)            Temple (1/1) D:5            Lair (0/6) D:8
    Orc (0/2) D:9
 Vaults: D:13-14

Altars:
Cheibriados
Dithmenos
Elyvilon
Fedhas
Hepliaklqana
Nemelex Xobeh
Okawaru
Qazlal
Ru
Sif Muna
Vehumet
Xom
Yredelemnul

Shops:
D:5 (

Portals:
Trove: D:10 (show abyssal rune of Zot)

Annotations:
D:10 3 runed translucent doors, ijan1's ghost, journeyman DsEn


Innate Abilities, Weirdness & Mutations

You are resistant to torment.
Your stone body is resilient. (AC +8)
You are immune to poison.
You resist negative energy. (rN+)
You are resistant to electric shocks. (rElec)
You can survive without breathing.
You are immune to petrification.
You are immune to rotting.
You have large cloven feet.
You are agile. (Dex +2)
Your flesh is cold resistant. (rC+)
Your magical capacity is low. (-10% MP)
You occasionally shout uncontrollably at your foes.
You expend magic power (3 MP) to strengthen your wands.


Message History

Confirm with . or Enter, or press ? or * to list all spells.
Aiming: Sandblast (safe; 1% risk of failure)
Press: ? - help, Shift-Dir - straight line, f/p - efreet
Aim: an efreet, wielding a +3 scimitar of flaming (heavily wounded)
The blast of sand hits the efreet but does no damage.
The efreet is heavily wounded.
b - 230 stones Your water elemental hits the efreet.
Your water elemental engulfs the efreet in water!
Casting: Sandblast (safe; 1% risk of failure)
Confirm with . or Enter, or press ? or * to list all spells.
Aiming: Sandblast (safe; 1% risk of failure)
Press: ? - help, Shift-Dir - straight line, f/p - efreet
Aim: an efreet, wielding a +3 scimitar of flaming (severely wounded, engulfed in water)
The blast of sand hits the efreet but does no damage.
The efreet is severely wounded.
b - 229 stones The efreet gestures at you.
The fireball explodes!
The fireball engulfs you!!
You die...

#.......# #.# ##)##
##.).## ##..).)## .
##......)## ...
#..<......####.Y.o.
+.........'...ooo..
#.....@...####...#.
##..≈)R≈.## ...
##.≈E☼≈## # ##≈≈°##
##'## .≈≈ .>. ##.


You could see an efreet and a friendly water elemental.

Vanquished Creatures
  A catoblepas (D:13)
  A two-headed ogre (D:12)
  Nergalle (D:12)
  Pikel (D:7)
  2 cyclopes (D:11)
  2 ugly things (D:11)
  A gargoyle (D:9)
  A komodo dragon (D:8)
  2 trolls (D:12)
  A hornet (D:12)
  4 hippogriffs
  2 wraiths
  A vampire (D:11)
  A wyvern (D:8)
  14 yaks
  4 hungry ghosts
  Edmund (D:5)
  A soldier ant (D:11)
  An acid dragon (D:12)
  A warg (D:9)
  5 sky beasts
  2 black bears
  A slave (D:7)
  3 orc warriors
  An eye of draining (D:11)
  A phantom (D:9)
  4 necrophages
  4 ogres
  2 big kobolds
  6 centaurs
  9 bullfrogs
  2 scorpions (D:5)
  11 killer bees (D:7)
  5 wights (D:13)
  An electric eel (D:12)
  2 howler monkeys (D:9)
  4 crimson imps
  3 jellies
  2 bullfrog zombies
  A centaur zombie (D:7)
  A hound (D:8)
  5 orc wizards
  7 orc priests
  Jessica (D:3)
  3 iguanas
  9 worker ants
  Terence (D:2)
  2 hound zombies (D:8)
  A hound skeleton (D:4)
  4 worker ant zombies
  12 adders
  4 shadow imps
  3 oozes
  An adder skeleton (D:5)
  An adder zombie (D:7)
  A worm (D:2)
  5 dart slugs
  10 leopard geckos
  35 orcs
  6 bats
  3 giant cockroaches
  11 goblins
  7 hobgoblins
  3 jackals (D:4)
  8 quokkas
  2 frilled lizards
  22 kobolds
  A leopard gecko zombie (D:7)
  A quokka zombie (D:5)
  5 rats
  A bush (D:7)
  3 plants
291 creatures vanquished.

Vanquished Creatures (others)
  A necrophage (D:7)
  A centaur (D:7)
  A howler monkey (D:5)
  An orc priest (D:4)
  2 worms
  An orc (D:4)
  4 plants
11 creatures vanquished.

Grand Total: 302 creatures vanquished

Notes
Turn   | Place    | Note
-------+----------+-------------------------------------------
     0 | D:1      | CherryEater the Gargoyle Earth Elementalist began the quest
                  | for the Orb.
     0 | D:1      | Reached XP level 1. HP: 10/10 MP: 3/3
   237 | D:1      | Reached XP level 2. HP: 15/15 MP: 5/5
   430 | D:1      | Reached skill level 4 in Earth Magic
   894 | D:2      | Noticed Terence
   905 | D:2      | Killed Terence
   905 | D:2      | Reached XP level 3. HP: 13/19 MP: 0/7
   910 | D:2      | Learned a level 3 spell: Stone Arrow
   992 | D:2      | You fall into a shaft and drop 1 floor!
  1033 | D:3      | Reached skill level 1 in Conjurations
  1033 | D:3      | Reached XP level 4. HP: 24/24 MP: 8/8
  1222 | D:3      | Gained mutation: You occasionally shout uncontrollably at
                  | your foes. [potion of mutation]
  1222 | D:3      | Gained mutation: You are agile. (Dex +2) [potion of
                  | mutation]
  1222 | D:3      | Gained mutation: You are very agile. (Dex +4) [potion of
                  | mutation]
  1223 | D:3      | Lost mutation: You are very agile. (Dex +4) [potion of
                  | mutation]
  1223 | D:3      | Lost mutation: You are agile. (Dex +2) [potion of mutation]
  1223 | D:3      | Gained mutation: Your flesh is cold resistant. (rC+)
                  | [potion of mutation]
  1223 | D:3      | Gained mutation: You expend magic power (3 MP) to
                  | strengthen your wands. [potion of mutation]
  1223 | D:3      | Gained mutation: Your magical capacity is low. (-10% MP)
                  | [potion of mutation]
  1223 | D:3      | Gained mutation: You are agile. (Dex +2) [potion of
                  | mutation]
  1297 | D:2      | Reached skill level 5 in Earth Magic
  1461 | D:2      | Found a hazy altar of Hepliaklqana.
  1475 | D:2      | Reached XP level 5. HP: 19/28 MP: 8/8
  1485 | D:2      | Learned a level 5 spell: Lee's Rapid Deconstruction
  2194 | D:3      | Noticed Jessica
  2202 | D:3      | Killed Jessica
  2876 | D:4      | Reached XP level 6. HP: 32/32 MP: 10/10
  3230 | D:4      | Got a polished long sword
  3332 | D:5      | Entered Level 5 of the Dungeon
  3332 | D:5      | Found a staircase to the Ecumenical Temple.
  3339 | D:5      | Noticed a sky beast
  3394 | Temple   | Entered the Ecumenical Temple
  3425 | Temple   | Became a worshipper of Vehumet
  3477 | D:5      | Killed a sky beast
  3477 | D:5      | Reached skill level 6 in Earth Magic
  3480 | D:5      | Reached XP level 7. HP: 16/36 MP: 12/12
  3604 | D:5      | Noticed Edmund
  3647 | D:5      | Killed Edmund
  3860 | D:5      | Found Egalemes's Antique Weapon Emporium.
  3867 | D:5      | Identified a scroll of acquirement
  3894 | D:5      | Bought a twisted dire flail for 216 gold pieces
  3894 | D:5      | Identified the +8 dire flail of Valiance {venom, +Blink
                  | rElec Int-5 Dex+6} (You bought it in a shop on level 5 of
                  | the Dungeon)
  4020 | D:6      | Reached skill level 5 in Spellcasting
  4020 | D:6      | Reached skill level 7 in Earth Magic
  4089 | D:6      | Reached skill level 5 in Conjurations
  4089 | D:6      | Reached XP level 8. HP: 38/41 MP: 14/14
  4351 | D:6      | Found a shimmering blue altar of Sif Muna.
  4354 | D:6      | Found a snail-covered altar of Cheibriados.
  4357 | D:6      | Found a sacrificial altar of Ru.
  4578 | D:6      | Noticed a yak
  4578 | D:6      | Noticed a yak
  4579 | D:6      | Noticed a yak
  4579 | D:6      | Noticed a yak
  4580 | D:6      | Noticed a yak
  4580 | D:6      | Noticed a yak
  4598 | D:6      | Killed a yak
  4598 | D:6      | Reached skill level 8 in Earth Magic
  4602 | D:6      | Killed a yak
  4602 | D:6      | Reached * piety under Vehumet
  4602 | D:6      | Offered knowledge of Sting by Vehumet.
  4602 | D:6      | Killed a yak
  4730 | D:6      | Killed a yak
  4730 | D:6      | Reached XP level 9. HP: 5/45 MP: 4/16
  4774 | D:6      | Reached skill level 9 in Earth Magic
  5307 | D:7      | Found Piaxinif's General Store.
  5785 | D:7      | Reached skill level 10 in Earth Magic
  5831 | D:7      | Found a blossoming altar of Fedhas.
  5923 | D:7      | Reached XP level 10. HP: 47/50 MP: 19/19
  5964 | D:7      | Offered knowledge of Throw Frost by Vehumet.
  5966 | D:7      | Reached ** piety under Vehumet
  5992 | D:7      | Noticed Pikel
  5998 | D:7      | Killed Pikel
  6416 | D:8      | Found a staircase to the Lair.
  6602 | D:8      | Offered knowledge of Mephitic Cloud by Vehumet.
  6611 | D:8      | Learned a level 3 spell: Mephitic Cloud
  6773 | D:8      | Reached skill level 1 in Fighting
  6801 | D:8      | Reached skill level 1 in Armour
  6850 | D:8      | Reached skill level 1 in Maces & Flails
  6862 | D:8      | Reached skill level 1 in Evocations
  6974 | D:8      | Reached skill level 11 in Earth Magic
  7020 | D:8      | Identified the +8 long sword "Zavviar" {slice, Int+4 Dex+3}
                  | (You found it on level 4 of the Dungeon)
  7049 | D:8      | Gained mutation: You have large cloven feet. [mutagenic
                  | glow]
  7116 | D:9      | Reached *** piety under Vehumet
  7190 | D:9      | Got a crystal short sword
  7191 | D:9      | Identified the cursed +2 short sword of Pestilence {pierce,
                  | MP+9 Str+3} (You found it on level 9 of the Dungeon)
  7317 | D:9      | Offered knowledge of Force Lance by Vehumet.
  7483 | D:9      | Found a staircase to the Orcish Mines.
  7514 | D:9      | Noticed a gargoyle
  7517 | D:9      | Killed a gargoyle
  7530 | D:9      | Reached XP level 11. HP: 58/58 MP: 21/21
  7851 | D:9      | Reached **** piety under Vehumet
  8276 | D:10     | Entered Level 10 of the Dungeon
  8285 | D:10     | Noticed a stone giant
  8287 | D:10     | Noticed ijan1's ghost (journeyman DsEn)
  8291 | D:10     | Found a runed translucent gate.
  8291 | D:10     | Found a runed translucent gate.
  8291 | D:10     | Found a runed translucent gate.
  8417 | D:10     | Found a portal to a secret trove of treasure.
  8761 | D:10     | Offered knowledge of Iskenderun's Battlesphere by Vehumet.
  9293 | D:11     | Noticed a cyclops
  9299 | D:11     | Killed a cyclops
  9518 | D:11     | Noticed a white ugly thing
  9532 | D:11     | Noticed a green ugly thing
  9536 | D:11     | Killed a green ugly thing
  9546 | D:11     | Killed a white ugly thing
  9792 | D:11     | Noticed a cyclops
  9796 | D:11     | Killed a cyclops
 10328 | D:12     | Reached ***** piety under Vehumet
 10359 | D:12     | Offered knowledge of Iron Shot by Vehumet.
 10509 | D:12     | Noticed a two-headed ogre
 10525 | D:12     | Noticed Nergalle
 10530 | D:12     | Killed Nergalle
 10530 | D:12     | Reached skill level 10 in Conjurations
 10667 | D:12     | Killed a two-headed ogre
 10667 | D:12     | Reached XP level 12. HP: 67/67 MP: 22/22
 10789 | D:13     | Noticed a catoblepas
 10809 | D:13     | Killed a catoblepas
 10809 | D:13     | Reached skill level 5 in Armour
 10842 | D:13     | Killed from afar by an efreet

Levels and vault maps discovered:
D:1:      saegor_arrival_simple_c, layout_loops_ring
D:2:      layout_basic, lemuel_doored_altar, first_ration, uniq_terence
D:3:      layout_basic, minmay_misc_feat_roman, uniq_jessica
D:4:      layout_cave_pools
D:5:      layout_basic, minmay_temple_entry_grid, serial_shops,
          nicolae_shop_trees, uniq_edmund
D:6:      layout_loops_corners, grunt_temple_overflow_diamond,
          nrook_pool_corridor
D:7:      layout_rooms, serial_shops, nicolae_shop_window_shopping,
          serial_curves, eino_curves_02, eino_curves_02, grunt_ogre_cave,
          fedhas_altar_decomposition, uniq_pikel
D:8:      layout_basic, david_lair_shrubbed, chequers_decorated_corner,
          minmay_misc_feat_hallway
D:9:      layout_irregular_city, erik_orc_3
D:10:     layout_long_grid, enter_trove_6, gammafunk_ghost_split
D:11:     layout_loops_ring
D:12:     layout_big_octagon, uniq_nergalle
D:13:     evilmike_diamond_1, layout_loops_corners, uniq_jorgrun
Temple:   regret_index_temple_mists

Skill      XL: |  1  2  3  4  5  6  7  8  9 10 11 12 |
---------------+-------------------------------------+-----
Earth Magic    | 4 5 6 7 8 10 11 | 11.9
Spellcasting   | 3 4 5 6 7 8 9 |  9.2
Conjurations   | 1 2 3 5 6 8 9 10 | 10.1
Fighting       | 2 4 |  4.8
Armour         | 2 4 5 |  5.0
Maces & Flails | 2 4 |  4.3
Evocations     | 2 3 |  3.9
Dodging        | 2 3 4 |  4.0
Stealth        | |  2.1
Transmutations | |  0.7

Action                   |  1- 3 |  4- 6 |  7- 9 | 10-12 || total
-------------------------+-------+-------+-------+-------++-------
Melee: Unarmed           |    15 |       |       |       ||    15
       Mace              |    33 |   184 |   230 |   106 ||   553
       Short sword       |       |       |       |   153 ||   153
       Kick              |       |       |       |    59 ||    59
       Long sword        |       |       |       |     8 ||     8
       Flail             |       |       |       |    91 ||    91
 Cast: Sandblast         |    10 |       |    19 |    89 ||   118
       Stone Arrow       |       |     1 |     7 |    35 ||    43
       Lee's Rapid Decon |       |       |     8 |    39 ||    47
       Mephitic Cloud    |       |       |       |     2 ||     2
Evoke: Wand              |       |       |       |     8 ||     8
       Phial of floods   |       |       |       |     1 ||     1
  Use: Scroll            |     4 |     8 |     7 |    15 ||    34
       Potion            |       |     2 |       |     1 ||     3
 Stab: Sleeping          |     3 |     3 |     7 |       ||    13
       Distracted        |       |       |       |     1 ||     1
  Eat: Chunk             |       |     9 |    10 |    27 ||    46
Armor: Robe              |    24 |    93 |   144 |   203 ||   464
Dodge: Dodged            |    37 |   131 |   167 |   274 ||   609
       Rpst.: Long sword |       |       |       |     1 ||     1

Table legend:
 A = Non-vault XP
 B = Vault XP
 C = Vault XP percentage of total XP
 D = Non-vault monster count
 E = Vault monster count
 F = Vault count percentage of total count
                 A         B        C        D         E       F
            +---------+---------+-------+---------+---------+-------
      Total |   17544 |    3406 |  16.3 |     261 |      32 |  10.9
            +---------+---------+-------+---------+---------+-------
        D:1 |      24 |       0 |   0.0 |      14 |       0 |   0.0
        D:2 |      41 |      32 |  43.8 |      16 |       1 |   5.9
        D:3 |     145 |      37 |  20.3 |      28 |       1 |   3.4
        D:4 |     183 |       0 |   0.0 |      17 |       0 |   0.0
        D:5 |     338 |     166 |  32.9 |      10 |       1 |   9.1
        D:6 |    1988 |       0 |   0.0 |      22 |       0 |   0.0
        D:7 |    1622 |    1285 |  44.2 |      28 |       8 |  22.2
        D:8 |    1425 |     355 |  19.9 |      27 |       1 |   3.6
        D:9 |    2503 |     723 |  22.4 |      26 |      19 |  42.2
       D:10 |     741 |       0 |   0.0 |      10 |       0 |   0.0
       D:11 |    3283 |       0 |   0.0 |      35 |       0 |   0.0
       D:12 |    3967 |     808 |  16.9 |      17 |       1 |   5.6
       D:13 |    1284 |       0 |   0.0 |      11 |       0 |   0.0
            +---------+---------+-------+---------+---------+-------
